 Dungeon Crawl Stone Soup version 0.31.0-12-g77e489cdc1 (webtiles) character file.

Game seed: 13556232169016501821

2216 spaghetti the Fighter (level 9, 8/99 HPs)
             Began as a Naga Chaos Knight on Mar 1, 2024.
             Was a Plaything of Xom.
             Quit the game on level 7 of the Dungeon on Mar 2, 2024.
             The game lasted 00:08:48 (6605 turns).

spaghetti the Fighter (Naga Chaos Knight)           Turns: 6605, Time: 00:08:49

Health: 8/99       AC:  0    Str: 22    XL:     9   Next: 35%
Magic:  18/18      EV:  9    Int: 11    God:    Xom [......]
Gold:   369        SH:  0    Dex: 14    Spells: 8/8 levels left

rFire   . . .        a - +0 spear (drain)
rCold   . . .        (no shield)
rNeg    . . .        b - +3 leather armour
rPois   +            n - +0 helmet
rElec   .            (no cloak)
rCorr   .            (no gloves)
SInv    +            (no barding)
Will    +....        (no amulet)
Stlth   +            q - ring of magical power
HPRegen 0.36/turn    j - ring "Favur" {Fly Str+3 Slay+2}
MPRegen 0.16/turn

%: no passive effects
@: corroded, flying, very slow
A: AC +3, large, see invisible, deformed body, poison resistance, slowness 2,
spit poison 1, naga tail 1, agile 1, wild magic 1
a: Spit Poison, Renounce Religion


You were on level 7 of the Dungeon.
You worshipped Xom.
You were a very special plaything of Xom.
You visited 1 branch of the dungeon, and saw 8 of its levels.

You collected 369 gold pieces.

Inventory:

Hand Weapons
 a - a +0 spear of draining (weapon)
 i - a +0 heavy great mace
Armour
 b - a +3 leather armour (worn)
 n - a +0 helmet (worn)
Jewellery
 j - the ring "Favur" (right hand) {Fly Str+3 Slay+2}
   (You acquired it on level 3 of the Dungeon)

   [ring of flight]

   Str+3:     It affects your strength (+3).
   Slay+2:    It affects your accuracy & damage with ranged weapons and melee
   (+2).
   Fly:       It grants you flight.
 k - a ring of wizardry
 q - a ring of magical power (left hand)
 t - a ring of fire
Wands
 l - a wand of charming (12)
 m - a wand of quicksilver (18)
 r - a wand of roots (13)
Scrolls
 c - a scroll of amnesia
 e - a scroll of silence
 g - a scroll of identify
 o - 2 scrolls of torment
 p - a scroll of noise
 v - a scroll of poison
Potions
 d - 4 potions of curing
 s - a potion of brilliance


   Skills:
 + Level 12.4 Fighting
 - Level 3.0 Polearms
 - Level 1.5 Armour
 - Level 0.7 Dodging


You had 8 spell levels left.
You didn't know any spells.
Your spell library contained the following spells:

 Spells                   Type           Power      Damage    Failure   Level
 Dazzling Flash           Conj/Hex       0%         N/A       83%         3
 Mephitic Cloud           Conj/Alch/Air  0%         N/A       83%         3
 Curse of Agony           Necr           0%         N/A       100%        5
 Silence                  Hex/Air        0%         N/A       100%        5


Dungeon Overview and Level Annotations

Branches:
Dungeon (8/15)
 Temple: D:4-7         Lair: D:8-11

Altars:
Cheibriados
Nemelex Xobeh
Okawaru
Wu Jian
Xom
Zin

Annotations:
D:6 3 runed translucent doors, Liamsmithers's ghost, novice DsWn


Innate Abilities, Weirdness & Mutations

Your serpentine skin is tough. (AC +3)
You have supernaturally acute eyesight. (SInv)
Armour fits poorly on your strangely shaped body.
Your system is resistant to poisons. (rPois)
You cover ground very slowly.
You can spit poison.
You have a snake-like lower body.
You are agile. (Dex +4, Str/Int -1)
Your spells are a little harder to cast, but a little more powerful.


Message History

The jelly hits you.
You are splashed with acid.
You hit the howler monkey but do no damage.
The howler monkey hits you but does no damage.
You hit the howler monkey but do no damage.
You drain the howler monkey.
The howler monkey is lightly wounded.
The howler monkey hits you but does no damage.
The jelly misses you. The orc warrior closely misses you.
The howler monkey barely misses you.
You hit the howler monkey but do no damage.
The howler monkey is lightly wounded.
The jelly hits you but does no damage.
The orc warrior hits you from afar with a +0 trident!
The howler monkey hits you.
You completely miss the howler monkey.
The howler monkey is lightly wounded.
The jelly hits you.
You are splashed with acid!
* * * LOW HITPOINT WARNING * * *
The howler monkey hoots and howls with incredible vigour!
The orc warrior hits you from afar with a +0 trident!
* * * LOW HITPOINT WARNING * * *
Okay, then.
Okay, then.
Unknown command.
Okay, then.
You hit the howler monkey.
The howler monkey is moderately wounded.
The jelly hits you.
* * * LOW HITPOINT WARNING * * *
The acid corrodes you!
You are splashed with acid!
* * * LOW HITPOINT WARNING * * *
You emit a cloud of colourful smoke!
The howler monkey completely misses you.
The orc warrior throws a boomerang.
The boomerang completely misses you.
Unknown command.
Welcome back, spaghetti the Naga Chaos Knight.
Xom snickers.
Press ? for a list of commands and other information.
Unknown command.
Are you sure you want to abandon this character and quit the game? (Confirm with "yes".)

..##..##..#.##.#..##..#.†
##..........#..#..
##.#....#........
##..#.#.........
#.##.#.#.....#b .
#.#.#..#....##. ...
##o....##.#.....
#..####.####.# #..#...
#.o§@h.## #. ......
##§J##..# ...... #§#
#..## ........ ...
##..##........## #..
#.........#.. #.#
#....#...### .. .#
....#....## .. ..
#..........# ...
#..###.....# .##


You could see an orc warrior, a howler monkey (summoned, catching breath, very
drained), a jelly and an orc.

Vanquished Creatures
  An unseen horror (D:6)
  2 water moccasins
  A sky beast (D:7)
  A black bear (D:4)
  2 centaurs
  2 bullfrogs
  3 scorpions
  5 wights (D:6)
  A howler monkey (D:5)
  A bombardier beetle (D:5)
  3 hounds
  2 jellies
  2 orc priests
  A gnoll bouda (D:7)
  4 sleepcaps
  3 iguanas
  2 orc wizards (D:3)
  Robin (D:3)
  4 adders
  3 gnolls (D:7)
  6 river rats (D:5)
  2 ufetubi (D:5)
  2 dart slugs
  4 ribbon worms (D:2)
  13 orcs
  7 ball pythons
  11 bats
  10 endoplasms
  A giant cockroach (D:1)
  16 goblins
  7 hobgoblins
  2 jackals (D:1)
  15 quokkas
  4 frilled lizards
  8 kobolds
  18 rats
170 creatures vanquished.

Vanquished Creatures (others)
  An orc (D:3)
  A goblin (D:3)
2 creatures vanquished.

Grand Total: 172 creatures vanquished

Notes
Turn   | Place    | Note
-------+----------+-------------------------------------------
     0 | D:1      | spaghetti the Naga Chaos Knight began the quest for the
                  | Orb.
     0 | D:1      | Reached XP level 1. HP: 21/21 MP: 1/1
    85 | D:1      | Reached XP level 2. HP: 24/28 MP: 2/2
   305 | D:1      | Reached skill level 4 in Fighting
   309 | D:1      | XOM: divination: detect items
   310 | D:1      | Reached XP level 3. HP: 36/36 MP: 3/3
   352 | D:1      | XOM: divination: detect items
   555 | D:2      | Found a faded altar of an unknown god.
   690 | D:2      | Reached XP level 4. HP: 38/45 MP: 4/4
   903 | D:2      | XOM: divination: detect items
  1071 | D:2      | Reached skill level 5 in Fighting
  1267 | D:3      | XOM: potion effect (haste)
  1278 | D:3      | Reached XP level 5. HP: 52/52 MP: 5/5
  1353 | D:3      | Found a sparkling altar of Nemelex Xobeh.
  1476 | D:3      | XOM: silly message
  1488 | D:3      | Reached skill level 6 in Fighting
  1664 | D:3      | Identified a scroll of acquirement
  1664 | D:3      | Acquired the ring "Favur" {Fly Str+3 Slay+2}
  1899 | D:3      | Noticed Robin
  1929 | D:3      | XOM: noise
  1930 | D:3      | XOM: noise
  1931 | D:3      | Killed Robin
  2216 | D:3      | Found a snail-covered altar of Cheibriados.
  2351 | D:4      | Reached XP level 6. HP: 58/63 MP: 6/6
  2778 | D:4      | XOM: silly message
  2814 | D:4      | Found a glowing silver altar of Zin.
  2866 | D:4      | Noticed a black bear
  2872 | D:4      | Killed a black bear
  2873 | D:4      | Reached skill level 7 in Fighting
  2959 | D:4      | Found an ornate altar of the Wu Jian Council.
  2987 | D:4      | XOM: noise
  3052 | D:4      | XOM is BORED!
  3052 | D:4      | XOM: give mutation
  3052 | D:4      | Gained mutation: Your tail ends in a venomous barb. [Xom's
                  | mischief]
  3155 | D:5      | Entered Level 5 of the Dungeon
  3263 | D:5      | Reached XP level 7. HP: 69/73 MP: 7/7
  3314 | D:5      | XOM: confuse monster(s)
  3320 | D:5      | Reached skill level 8 in Fighting
  3409 | D:5      | Found an iron altar of Okawaru.
  3545 | D:5      | XOM: 1-stop teleportation journey
  3906 | D:5      | Reached skill level 9 in Fighting
  3912 | D:5      | XOM: silly message
  4034 | D:5      | Reached XP level 8. HP: 85/85 MP: 8/8
  4042 | D:5      | XOM: god gift: 24 gold pieces
  4044 | D:5      | XOM: cleaving
  4204 | D:6      | Noticed Liamsmithers's ghost (novice DsWn)
  4206 | D:6      | Found a runed translucent gate.
  4206 | D:6      | Found a runed translucent gate.
  4206 | D:6      | Found a runed translucent gate.
  4415 | D:6      | Lost mutation: Your tail ends in a venomous barb. [potion
                  | of mutation]
  4415 | D:6      | Gained mutation: Your spells are a little harder to cast,
                  | but a little more powerful. [potion of mutation]
  4415 | D:6      | Gained mutation: You are agile. (Dex +4, Str/Int -1)
                  | [potion of mutation]
  4425 | D:6      | XOM: 3-stop teleportation journey
  4491 | D:6      | XOM: divination: detect creatures
  4597 | D:6      | XOM: 7-stop teleportation journey
  4762 | D:6      | XOM: cleaving
  4782 | D:6      | Reached skill level 10 in Fighting
  4805 | D:6      | HP: 4/80 [wight/+3 scimitar (7)]
  5026 | D:6      | XOM: scenery: create altars
  5395 | D:6      | a water moccasin changed into an unseen horror
  5395 | D:6      | Noticed an unseen horror
  5395 | D:6      | XOM: polymorph water moccasin -> unseen horror
  5403 | D:6      | Killed an unseen horror
  5404 | D:6      | Reached skill level 11 in Fighting
  5404 | D:6      | Reached XP level 9. HP: 79/97 MP: 9/9
  5684 | D:7      | XOM: blink monster(s)
  5804 | D:7      | XOM: silly message
  5804 | D:7      | Noticed a two-headed ogre
  5820 | D:7      | XOM: torment (7/98 hp)
  6276 | D:8      | XOM: confusion
  6276 | D:8      | XOM: smoke on damage
  6282 | D:8      | Reached skill level 12 in Fighting
  6571 | D:7      | XOM: summons 2 hostile shadow creatures
  6604 | D:7      | XOM: smoke on damage
  6605 | D:7      | Quit the game

Illustrated notes

Levels and vault maps discovered:
D:1:      scummos_arrival_checkerplants, layout_basic,
          ebering_dispersal_statue_hall, minmay_misc_feat_tower
D:2:      layout_loops_cross, nicolae_ecumenical_oubliette
D:3:      layout_loops_ring, lemuel_doored_altar, mainiacjoe_overflow_alcove_1,
          minmay_circle_x, uniq_robin
D:4:      layout_loops_ring, overflow_temple_1_default, nzn_wu_jian_council_hall
D:5:      lemuel_ratsnest, layout_loops_ring,
          mainiacjoe_overflow_small_starburst
D:6:      layout_cave_pods, gammafunk_ghost_split
D:7:      layout_layer_cave, nicolae_ashenzari_panopticon,
          minmay_temple_entry_enclosed_plants, uniq_joseph
D:8:      layout_loops_ring

Skill      XL: |  1  2  3  4  5  6  7  8  9 |
---------------+----------------------------+-----
Fighting       | 4 5 6 7 9 11 12 | 12.4
Polearms       | |  3.0
Armour         | |  1.5
Dodging        | |  0.7

Action                     |  1- 3 |  4- 6 |  7- 9 || total
---------------------------+-------+-------+-------++-------
  Melee: Spear             |   106 |   151 |   305 ||   562
         Punch             |       |     2 |     5 ||     7
Ability: Spit Poison       |    24 |    31 |    22 ||    77
    Use: Scroll            |     4 |     8 |     4 ||    16
         Potion            |       |     3 |     8 ||    11
   Stab: Invisible         |       |       |     9 ||     9
         Sleeping          |       |       |     1 ||     1
 Armour: Leather armour    |    55 |    85 |   231 ||   371
  Dodge: Dodged            |    41 |    37 |   144 ||   222
